 Dungeon Crawl Stone Soup version 0.32-a0-886-g41c5271027 (webtiles) character file.

Game seed: 10000024924511936290

5908 ezpacito the Trooper (level 10, -15/100 HPs)
             Began as a Coglin Chaos Knight on Apr 2, 2024.
             Was a Plaything of Xom.
             Demolished by a manticore (22 damage)
             ... on level 9 of the Dungeon.
             The game lasted 00:12:04 (9495 turns).

ezpacito the Trooper (Coglin Chaos Knight)          Turns: 9495, Time: 00:12:04

Health: -15/100    AC: 12    Str: 23    XL:     10   Next: 82%
Magic:  14/14      EV:  9    Int: 14    God:    Xom [.....*]
Gold:   156        SH:  0    Dex: 11    Spells: 8/15 levels left

rFire   . . .        J - +3 war axe (elec) {Jin}
rCold   . . .        a - +2 hand axe (chaos) {Teghnoor}
rNeg    . . .        s - +0 chain mail
rPois   .            (helmet restricted)
rElec   .            F - +0 cloak
rCorr   .            l - +0 pair of gloves
SInv    .            (no boots)
Will    +....        (amulet unavailable) Stlth
                     (ring unavailable)
HPRegen 0.36/turn    (ring unavailable)
MPRegen 0.14/turn    (no gizmo)

%: no passive effects
@: revved
A: off-hand wielding, slow wielding, warmup strikes, no jewellery, horns 2,
clever 1, strong-willed 1, mutation resistance 1, robust 3, strong 2
a: Invent Gizmo, Renounce Religion


You were on level 9 of the Dungeon.
You worshipped Xom.
You were Xom's teddy bear.
You visited 2 branches of the dungeon, and saw 10 of its levels.

You collected 437 gold pieces.
You spent 281 gold pieces at shops.

Inventory:

Hand Weapons
 a - a +2 hand axe of chaos (offhand) {Teghnoor}
 u - a +0 trident {Ruka}
 J - a +3 war axe of electrocution (weapon) {Jin}
Missiles
 g - a throwing net
 o - 29 poisoned darts (quivered)
 A - a curare-tipped dart
Armour
 e - a +2 helmet
 l - a +0 pair of gloves (worn)
 s - a +0 chain mail (worn)
 y - a +0 plate armour
 F - a +0 cloak (worn)
Magical Staves
 x - a staff of earth
 E - a staff of death
Talismans
 k - a maw talisman
Wands
 f - a wand of iceblast (7)
 v - a wand of polymorph (5)
 D - a wand of digging (7)
Scrolls
 j - a scroll of immolation
 m - 2 scrolls of enchant armour
 p - a scroll of amnesia
 w - 2 scrolls of vulnerability
 B - a scroll of blinking
 G - 3 scrolls of revelation
Potions
 b - 2 potions of lignification
 c - a potion of magic
 d - a potion of attraction
 i - a potion of ambrosia {unknown}
 r - a potion of mutation
 z - a potion of cancellation
 C - 2 potions of curing {unknown}
 I - a potion of heal wounds {unknown}


   Skills:
 * Level 6.7 Fighting
 * Level 6.6(7.6) Axes
 * Level 5.1(6.5) Polearms
 * Level 5.6 Armour
 * Level 5.2 Dodging
 + Level 3.6 Stealth
 + Level 0.6 Unarmed Combat
 + Level 3.2 Spellcasting
 + Level 3.5 Summonings
 + Level 2.4 Necromancy
 + Level 2.3 Alchemy
 + Level 4.8 Evocations


You had 8 spell levels left.
You knew the following spells:

 Your Spells              Type           Power      Damage    Failure   Level
c - Call Canine Familiar  Summ           12%        N/A       63%         3
d - Necrotise             Necr           36%        1d5       38%         1
e - Sting                 Conj/Alch      20%        1d4       56%         1
f - Cigotuvi's Dreadful   Necr/Alch/Air  12%        N/A       67%         2

Your spell library contained the following spells:

 Spells                   Type           Power      Damage    Failure   Level
 Summon Small Mammal      Summ           48%        N/A       26%         1
 Mercury Vapours          Alch/Air       10%        N/A       71%         2
 Fugue of the Fallen      Necr           9%         N/A       77%         3
 Ensorcelled Hibernation  Hex/Ice        4%         N/A       87%         2
 Lesser Beckoning         Tloc           4%         N/A       87%         2
 Maxwell's Portable Pile  Tloc           2%         2d(5-14)  98%         3
 Teleport Other           Tloc           2%         N/A       98%         3
 Olgreb's Toxic Radiance  Alch           8%         N/A       99%         4
 Summon Blazeheart Golem  Fire/Summ      7%         N/A       99%         4
 Anguish                  Hex/Necr       2%         N/A       100%        4
 Ignite Poison            Fire/Alch      5%         N/A       100%        4
 Freezing Cloud           Conj/Ice/Air   1%         6-21      100%        5
 Haunt                    Necr/Summ      5%         N/A       100%        7
 Infestation              Necr           4%         N/A       100%        8


Dungeon Overview and Level Annotations

Branches:
Dungeon (9/15)             Temple (1/1) D:5            Lair (0/5) D:8
    Orc: D:9-12

Altars:
Ashenzari
Cheibriados
Dithmenos
Fedhas
Gozag
Hepliaklqana
Kikubaaqudgha
Makhleb
Qazlal
Ru
Sif Muna
Trog
Uskayaw
Vehumet
Wu Jian
Xom
Yredelemnul
Zin
The Shining One

Shops:
D:4 ?   D:6 ?   D:8 =


Innate Abilities, Weirdness & Mutations

You can wield a second weapon in your off-hand.
It takes a long time for you to wield or remove held weapons.
Your first few attacks do less damage.
You cannot equip rings or amulets.
You have a pair of horns on your head.
Your mind is acute. (Int +4, Str/Dex -1)
You are strong-willed. (Will+)
You are somewhat resistant to further mutation.
You are extremely robust. (+30% HP)
Your muscles are very strong. (Str +8, Int/Dex -2)


Message History

The butterfly disappears in a burst of colours!
The iceblast engulfs Jeremiah!!
You kill Jeremiah!
You hear a bellow!
A manticore comes into view.
Items here: $ ) [[ †.
The manticore bites you! The manticore completely misses you.
The manticore claws you but does no damage.
You take 11 damage, and have 89/100 hp.
You hit the manticore with your +3 war axe of electrocution.
You headbutt the manticore, but do no damage.
The manticore is lightly wounded.
You slash the manticore with your +2 hand axe of chaos!
The manticore bites you!
You emit a cloud of colourful smoke!
The manticore claws you but does no damage.
The manticore claws you.
You take 17 damage, and have 72/100 hp.
You hit the manticore but do no damage.
The manticore flies into a frenzy!
The manticore is lightly wounded.
You hit the manticore with your +3 war axe of electrocution.
The manticore bites you!! The manticore claws you!
The manticore claws you but does no damage.
You take 39 damage, and have 33/100 hp.
MASSIVE DAMAGE!!
You slash the manticore with your +3 war axe of electrocution!
You headbutt the manticore!
The manticore is severely wounded.
You hit the manticore but do no damage. The manticore bites you!!
* * * LOW HITPOINT WARNING * * *
The manticore completely misses you. The manticore barely misses you.
The manticore bites you!
* * * LOW HITPOINT WARNING * * *
The manticore closely misses you. x2
You take 27 damage, and have 6/100 hp.
MASSIVE DAMAGE!!
You hit the manticore but do no damage.
The manticore is poisoned.
The manticore is severely wounded.
You slash the manticore with your +3 war axe of electrocution!
The manticore bites you!!
You die...
Xom bursts into laughter!

. ..# # .... .##
.....##.#.#######..#.#
..............§§§§....##
##....##.......§@H..[..#
##....# ##.#.#.###......
##....# #.....###.##..##
##....# #..........#...#
......####.#.#.###..#...##
###........#.#.###..#....####
....................#..#....#.
#####.######.#####......[.....
. # #.# #. ##..#..#....#. .#


You could see a neutral manticore (fast, strong, frenzied, very poisoned).

Vanquished Creatures
  Harold (D:9)
  A centaur warrior (D:8)
  Jeremiah (D:9)
  2 trolls (D:7)
  A shadow (D:7)
  A wyvern (D:9)
  A yak (D:8)
  A steam dragon (D:7)
  Menkaure (D:7)
  A water moccasin (D:8)
  A black bear (D:7)
  An orc warrior (D:9)
  3 ice beasts (D:5)
  A sky beast (D:8)
  2 ogres
  5 bullfrogs
  2 kobold brigands (D:7)
  2 scorpions
  3 wights (D:9)
  A howler monkey (D:7)
  2 bombardier beetles
  Crazy Yiuf (D:7)
  5 hounds
  A gnoll bouda (D:8)
  2 iguanas
  Natasha (thrice) (D:2)
  Terence (D:2)
  2 orc wizards
  Robin (D:3)
  7 adders
  4 gnolls (D:8)
  2 shadow imps
  2 ribbon worms
  3 dart slugs
  21 orcs
  5 bats
  11 endoplasms
  5 giant cockroaches
  13 goblins
  20 hobgoblins
  5 jackals
  2 quokkas
  7 ball pythons
  3 frilled lizards
  8 kobolds
  5 rats
173 creatures vanquished.

Vanquished Creatures (collateral kills)
  Pikel (D:8)
  A water moccasin (D:8)
  3 black bears (D:8)
  3 bullfrogs (D:8)
8 creatures vanquished.

Grand Total: 181 creatures vanquished

Notes
Turn   | Place    | Note
-------+----------+-------------------------------------------
     0 | D:1      | ezpacito the Coglin Chaos Knight began the quest for the
                  | Orb.
     0 | D:1      | Reached XP level 1. HP: 18/18 MP: 1/1
    92 | D:1      | Reached skill level 1 in Dodging
   108 | D:1      | XOM: silly message
   174 | D:1      | Reached XP level 2. HP: 24/24 MP: 2/2
   315 | D:1      | Reached XP level 3. HP: 27/29 MP: 3/3
   398 | D:1      | XOM: scenery: create altars
   570 | D:1      | XOM: cloud trail
   688 | D:1      | XOM: scenery: summon butterflies
   722 | D:2      | Noticed Terence
   723 | D:2      | XOM: scenery: create altars
   731 | D:2      | XOM: fog
   848 | D:2      | Killed Terence
   849 | D:2      | Reached skill level 1 in Polearms
   849 | D:2      | Reached XP level 4. HP: 31/35 MP: 4/4
   914 | D:2      | XOM: god gift: wand of polymorph (6)
  1056 | D:2      | XOM: 1-stop teleportation journey
  1114 | D:2      | XOM: draining
  1132 | D:2      | Noticed Natasha
  1147 | D:2      | Killed Natasha
  1148 | D:2      | Reached XP level 5. HP: 35/37 MP: 5/5
  1233 | D:2      | Noticed Natasha
  1244 | D:2      | Killed Natasha
  1456 | D:2      | Noticed Natasha
  1471 | D:2      | Killed Natasha
  1760 | D:2      | Reached skill level 1 in Stealth
  2291 | D:3      | Noticed Robin
  2314 | D:3      | Killed Robin
  2316 | D:3      | Reached XP level 6. HP: 19/48 MP: 7/7
  2483 | D:3      | Found a faded altar of an unknown god.
  2637 | D:3      | XOM: cloud trail
  2695 | D:3      | XOM: divination: detect creatures
  2968 | D:4      | Reached skill level 1 in Evocations
  2995 | D:4      | Found a bloodstained altar of Trog.
  3052 | D:4      | Found Adaffoat's Magic Scroll Shop.
  3058 | D:4      | Bought a scroll of fear for 48 gold pieces
  3058 | D:4      | Bought a scroll of identify for 24 gold pieces
  3058 | D:4      | Bought a scroll of identify for 24 gold pieces
  3058 | D:4      | Bought a scroll of identify for 24 gold pieces
  3172 | D:4      | Learned a level 3 spell: Call Canine Familiar
  3255 | D:4      | Found a burning altar of Makhleb.
  3262 | D:4      | Found a shimmering altar of Xom.
  3264 | D:4      | Found an opulent altar of Gozag.
  3769 | D:4      | XOM: cloud trail
  3772 | D:5      | Entered Level 5 of the Dungeon
  3821 | D:5      | You fall into a shaft and drop 3 floors!
  3836 | D:8      | Reached skill level 1 in Spellcasting
  3843 | D:8      | Noticed a water moccasin
  3844 | D:8      | Noticed a black bear
  3844 | D:8      | XOM: god gift: scroll labelled RODORRIREO {god gift}
  3845 | D:8      | XOM: cast spell 'Summon Horrible Things'
  3846 | D:8      | Noticed a black bear
  3847 | D:8      | Noticed a black bear
  3850 | D:8      | Reached XP level 7. HP: 22/54 MP: 8/8
  3854 | D:8      | Reached skill level 1 in Summonings
  3858 | D:8      | Reached XP level 8. HP: 27/61 MP: 8/10
  3865 | D:8      | XOM: noise
  3868 | D:8      | Found a staircase to the Lair.
  3869 | D:8      | Noticed a yak
  3881 | D:8      | Killed a yak
  3886 | D:8      | Reached skill level 5 in Axes
  4106 | D:6      | Reached skill level 5 in Fighting
  4108 | D:6      | Learned a level 1 spell: Summon Small Mammal
  4113 | D:6      | Learned a level 4 spell: Summon Blazeheart Golem
  4237 | D:5      | Got the Teachings on Twisted Calling
  4249 | D:5      | XOM: give mutations
  4249 | D:5      | Gained mutation: Your mind is acute. (Int +4, Str/Dex -1)
                  | [Xom's mischief]
  4249 | D:5      | Gained mutation: Armour fits poorly on your strangely
                  | shaped body. [Xom's mischief]
  4249 | D:5      | Gained mutation: You are partially covered in large bone
                  | plates. (SH +4) [Xom's mischief]
  4365 | D:5      | Reached XP level 9. HP: 62/68 MP: 12/12
  4725 | D:5      | Found a staircase to the Ecumenical Temple.
  4895 | Temple   | Entered the Ecumenical Temple
  5122 | D:5      | XOM: noise
  5171 | D:5      | Lost mutation: Armour fits poorly on your strangely shaped
                  | body. [potion of mutation]
  5171 | D:5      | Lost mutation: Your mind is acute. (Int +4, Str/Dex -1)
                  | [potion of mutation]
  5171 | D:5      | Lost mutation: You are partially covered in large bone
                  | plates. (SH +4) [potion of mutation]
  5171 | D:5      | Gained mutation: You are somewhat resistant to further
                  | mutation. [potion of mutation]
  5414 | D:6      | Found Juas's Magic Scroll Shoppe.
  5445 | D:6      | Bought a scroll of identify for 28 gold pieces
  5445 | D:6      | Bought a scroll of identify for 28 gold pieces
  5445 | D:6      | Bought a scroll of blinking for 105 gold pieces
  5751 | D:6      | Learned a level 1 spell: Necrotise
  5753 | D:6      | Learned a level 1 spell: Sting
  5756 | D:6      | Learned a level 2 spell: Cigotuvi's Dreadful Rot
  5801 | D:7      | XOM: summons 1 hostile shadow creature
  5837 | D:7      | XOM: smoke on damage
  5845 | D:7      | XOM: polymorph orc warrior -> endoplasm
  5960 | D:7      | XOM: stat loss: -1 Int (11/12)
  5984 | D:7      | Noticed a troll
  5992 | D:7      | Killed a troll
  6128 | D:7      | XOM: stat loss: -1 Dex (13/14)
  6141 | D:7      | XOM: noise
  6165 | D:7      | Noticed a troll
  6173 | D:7      | XOM: fog
  6175 | D:7      | XOM: scenery: summon butterflies
  6187 | D:7      | Killed a troll
  6188 | D:7      | Reached skill level 1 in Necromancy
  6223 | D:7      | Reached skill level 1 in Alchemy
  6355 | D:7      | XOM: cleaving
  6359 | D:7      | XOM: 2-stop teleportation journey
  6592 | D:7      | XOM: potion effect (invisibility)
  6734 | D:7      | XOM: give mutation
  6734 | D:7      | Gained mutation: Your flesh is heat resistant. (rF+) [Xom's
                  | grace]
  6971 | D:7      | XOM: 2-stop teleportation journey
  7029 | D:7      | XOM: polymorph orc wizard -> quokka
  7031 | D:7      | Noticed Menkaure
  7037 | D:7      | Killed Menkaure
  7038 | D:7      | Reached XP level 10. HP: 76/76 MP: 14/14
  7288 | D:7      | Found a runed translucent door.
  7289 | D:7      | Noticed Crazy Yiuf
  7447 | D:7      | XOM: god gift: staff of death
  7462 | D:7      | Reached skill level 5 in Armour
  7856 | D:7      | Killed Crazy Yiuf
  8051 | D:8      | Found Vuolaxur's One-of-a-Kind Rings.
  8128 | D:8      | XOM: god gift: 7 stones
  8179 | D:8      | XOM: divination: magic mapping
  8300 | D:8      | XOM: god gift: scroll of vulnerability
  8336 | D:8      | XOM: god gift: glowing war axe {god gift}
  8539 | D:9      | XOM: enchant monster (bad)
  8584 | D:9      | Noticed Harold
  8586 | D:9      | XOM: scenery: create altars
  8590 | D:9      | XOM: blink monster(s)
  8602 | D:9      | Killed Harold
  8695 | D:8      | XOM: summons 1 hostile demon
  8741 | D:8      | XOM: give mutations
  8741 | D:8      | Gained mutation: You are robust. (+10% HP) [Xom's mischief]
  8741 | D:8      | Lost mutation: Your flesh is heat resistant. (rF+) [Xom's
                  | mischief]
  8855 | D:9      | Noticed Pikel
  8855 | D:9      | Noticed a centaur warrior
  8937 | D:8      | Killed Pikel
  8938 | D:8      | Reached skill level 5 in Dodging
  8964 | D:8      | XOM: give mutations
  8964 | D:8      | Gained mutation: Your mind is acute. (Int +4, Str/Dex -1)
                  | [Xom's grace]
  8964 | D:8      | Gained mutation: You are strong-willed. (Will+) [Xom's
                  | grace]
  8964 | D:8      | Gained mutation: You have a pair of small horns on your
                  | head. [Xom's grace]
  9034 | D:8      | XOM: give mutation
  9034 | D:8      | Gained mutation: You are very robust. (+20% HP) [Xom's
                  | grace]
  9186 | D:8      | Killed a centaur warrior
  9187 | D:8      | Reached skill level 5 in Polearms
  9284 | D:9      | XOM: give mutations
  9284 | D:9      | Gained mutation: Your muscles are strong. (Str +4, Int/Dex
                  | -1) [Xom's grace]
  9284 | D:9      | Gained mutation: You are extremely robust. (+30% HP) [Xom's
                  | grace]
  9284 | D:9      | Gained mutation: You have a pair of horns on your head.
                  | [Xom's grace]
  9284 | D:9      | Gained mutation: Your muscles are very strong. (Str +8,
                  | Int/Dex -2) [Xom's grace]
  9481 | D:9      | Noticed Jeremiah
  9483 | D:9      | XOM: enchant monster (good)
  9485 | D:9      | Killed Jeremiah
  9489 | D:9      | Noticed a manticore
  9492 | D:9      | XOM: smoke on damage
  9495 | D:9      | Demolished by a manticore

Illustrated notes

Levels and vault maps discovered:
D:1:      dpeg_arrival_long_road, layout_loops_ring
D:2:      layout_basic, st_stairs_3, minmay_quantized, uniq_terence,
          uniq_natasha
D:3:      layout_basic, dreamdust_ecumenical_altar_statues,
          hangedman_decor_diamond_cutter, corner_web_ring, uniq_robin
D:4:      layout_loops_ring, minitemple, mainiacjoe_overflow_tiny_flanked,
          serial_shops, shop_fountains, st_stairs_3
D:5:      layout_gridville, minmay_temple_entry_glassed_door
D:6:      layout_rooms, serial_shops, shop
D:7:      layout_layer_cave, uniq_crazy_yiuf_cottage, uniq_menkaure
D:8:      layout_basic, due_lair_maze_entry_diamond, serial_rivers,
          chequers_serial_rivers_micro_d, chequers_serial_rivers_small_a,
          chequers_serial_rivers_micro_b, chequers_serial_rivers_marsh,
          chequers_serial_rivers_micro_c, chequers_serial_rivers_marsh,
          kennysheep_doodads, nicolae_shop_unique_rings
D:9:      layout_basic, mainiacjoe_overflow_catwalk, hiddenorc1_lemuel,
          uniq_harold, uniq_jeremiah, uniq_prince_ribbit1, uniq_pikel
Temple:   nicolae_temple_superstar

Skill      XL: |  1  2  3  4  5  6  7  8  9 10 |
---------------+-------------------------------+-----
Dodging        | 1 2 3 4 5 |  5.2
Armour         | 2 3 4 5 |  5.6
Polearms       | 1 2 3 4 5 |  5.1
Stealth        | 1 2 3 |  3.6
Axes           | 4 5 6 |  6.6
Evocations     | 1 2 3 4 |  4.8
Fighting       | 4 5 6 |  6.7
Spellcasting   | 1 2 3 |  3.2
Summonings     | 1 2 3 |  3.5
Necromancy     | 1 2 |  2.4
Alchemy        | 1 2 |  2.3
Unarmed Combat | |  0.6

Action                     |  1- 3 |  4- 6 |  7- 9 | 10-12 || total
---------------------------+-------+-------+-------+-------++-------
  Melee: Hand axe          |    70 |   149 |   200 |    56 ||   475
         Dagger            |    55 |   114 |       |       ||   169
         Trident           |       |    27 |   230 |    25 ||   282
         War axe           |       |       |       |    42 ||    42
         Headbutt          |       |       |       |     2 ||     2
  Throw: Dart              |     3 |       |       |       ||     3
  Evoke: Wand              |       |       |       |     8 ||     8
    Use: Potion            |     1 |     2 |     4 |     2 ||     9
         Scroll            |     1 |    10 |     7 |     6 ||    24
   Stab: Confused          |     3 |     1 |     1 |     1 ||     6
         Paralysed         |       |       |     2 |       ||     2
         Petrified         |       |       |     6 |       ||     6
         Petrifying        |       |       |     1 |       ||     1
 Armour: Leather armour    |    38 |    76 |       |       ||   114
         Chain mail        |       |    79 |   204 |   111 ||   394
  Dodge: Dodged            |    33 |    59 |    71 |    47 ||   210
  Block: Other             |       |       |     7 |       ||     7

Table legend: (Time is in decaauts)
 A = Elapsed time spent in this place.
 B = Non-inter-level travel time spent in this place.
 C = Inter-level travel time spent in this place.
 D = Time resting spent in this place.
 E = Time spent auto-exploring this place.
 F = Levels seen in this place.
 G = Mean time per level.
                   A        B        C        D        E       F      G
               +--------+--------+--------+--------+--------+-----+--------+
         Total |   9485 |   9178 |    307 |    915 |   6894 |  10 |  948.5 |
       Dungeon |   9484 |   9177 |    307 |    915 |   6894 |   9 | 1053.8 |
        Temple |      1 |      1 |      0 |      0 |      0 |   1 |    1.0 |
               +--------+--------+--------+--------+--------+-----+--------+

Top non-repeatable levels by time:
     D:7: 2238 daAuts
     D:8: 1454 daAuts
     D:2: 1141 daAuts
     D:5: 1121 daAuts
     D:3: 1007 daAuts
     D:4: 826 daAuts
     D:1: 783 daAuts
     D:6: 591 daAuts
     D:9: 318 daAuts
  Temple: 1 daAuts
